 Dungeon Crawl Stone Soup version 0.24-a0-516-g9de272bb65 (webtiles) character file.

Game seed: 3360615630639855158

8455 Gargoyl the Cleaver (level 11, -3/91 HPs)
             Began as a Centaur Abyssal Knight on July 22, 2019.
             Was an Elder of Lugonu.
             Slain by a komodo dragon (18 damage)
             ... on level 1 of the Lair of Beasts.
             The game lasted 00:35:54 (14901 turns).

Gargoyl the Cleaver (Centaur Abyssal Knight)       Turns: 14901, Time: 00:35:54

Health: -3/91      AC: 18    Str: 16    XL:     11   Next: 10%
Magic:  17/17      EV:  5    Int: 11    God:    Lugonu [****..]
Gold:   114        SH:  0    Dex: 11    Spells: 10/10 levels left

rFire    + . .     SeeInvis .   e - +5 broad axe
rCold    . . .     Gourm    .   (no shield)
rNeg     . . .     Faith    .   x - +2 chain mail {MR+}
rPois    .         Spirit   .   k - +0 helmet
rElec    .         Reflect  .   n - +1 cloak
rCorr    .         Harm     .   z - +2 pair of gloves
MR       +....                  (no barding)
Stlth    ..........             (no amulet)
HPRegen  0.25/turn              j - ring of flight
MPRegen  0.15/turn              y - ring of protection from fire

@: very quick
A: large, hooves 3, deformed body, speed 2, tough skin 3
a: Depart the Abyss, Bend Space, Banish, Corrupt, Renounce Religion, Evoke
Flight


You were on level 1 of the Lair of Beasts.
You worshipped Lugonu.
Lugonu was greatly pleased with you.
You were not hungry.

You visited 2 branches of the dungeon, and saw 10 of its levels.
You visited the Abyss 1 time.

You collected 534 gold pieces.
You spent 420 gold pieces at shops.

Inventory:

Hand Weapons
 a - a +1 hand axe
 e - a +5 broad axe (weapon)
Armour
 k - a +0 helmet (worn)
 n - a +1 cloak (worn)
 x - a +2 chain mail of magic resistance (worn)
 z - a +2 pair of gloves (worn)
Jewellery
 j - a ring of flight (left hand)
 u - a +2 ring of slaying {unknown}
 y - a ring of protection from fire (right hand)
 D - an uncursed ring of positive energy
Wands
 o - a wand of enslavement (8)
 s - a wand of disintegration (16)
 v - a wand of iceblast (29)
 w - a wand of paralysis (18)
 A - a wand of digging (3)
 B - a wand of clouds (5)
Scrolls
 h - 2 scrolls of teleportation
 i - 4 scrolls of remove curse
 m - 2 scrolls of identify
 p - a scroll of enchant weapon
Potions
 b - a potion of flight
 d - 2 potions of haste
 f - a potion of invisibility
 g - 2 potions of agility
 l - 3 potions of curing
 q - a potion of lignification
 r - a potion of resistance
 t - a potion of magic
Comestibles
 c - 11 rations


   Skills:
 + Level 6.5 Fighting
 + Level 9.4 Axes
 * Level 7.6 Armour
 + Level 2.1 Dodging
 * Level 9.0 Invocations
 + Level 0.3 Evocations


You had 10 spell levels left.
You didn't know any spells.
Your spell library contained the following spells:

 Spells                   Type           Power        Failure   Level  Hunger
 Summon Lightning Spire   Summ/Air       #.......     100%        4    #####..
 Bolt of Magma            Conj/Fire/Erth #.........   100%        5    ######.
 Iskenderun's Battlesphe  Conj/Chrm      #.......     100%        5    ######.
 Silence                  Hex/Air        #.........   100%        5    ######.
 Venom Bolt               Conj/Pois      #.........   100%        5    ######.
 Conjure Ball Lightning   Conj/Air       #.........   100%        6    #######
 Deflect Missiles         Chrm/Air       #.........   100%        6    #######
 Iron Shot                Conj/Erth      #.........   100%        6    #######
 Orb of Destruction       Conj           #.........   100%        7    #######
 Spellforged Servitor     Conj/Summ      #.........   100%        7    #######
 Tornado                  Air            #.........   100%        9    #######


Dungeon Overview and Level Annotations

Branches:
Dungeon (9/15)             Temple (0/1) D:7            Lair (1/6) D:9
    Orc: D:9-12

Altars:
Elyvilon
Hepliaklqana
Kikubaaqudgha
Nemelex Xobeh
Ru
Uskayaw
Xom
Zin

Shops:
D:7 }   D:8 [

Annotations:
D:9 exclusion: ice statue
Lair:1 exclusion: 3 oklob plants


Innate Abilities, Weirdness & Mutations

You have hooves in place of feet.
Armour fits poorly on your strangely shaped body.
You cover ground very quickly.
You have extremely tough skin. (AC +3)


Message History

You slash the komodo dragon!
The komodo dragon is moderately wounded.
The komodo dragon bites you!
You hit the komodo dragon. Your kick misses the komodo dragon.
The komodo dragon is heavily wounded.
The komodo dragon bites you!
You slash the komodo dragon!
The komodo dragon is severely wounded.
The komodo dragon bites you! x2
You hit the komodo dragon. Your kick misses the komodo dragon.
The komodo dragon is severely wounded.
The komodo dragon bites you but does no damage.
You barely miss the komodo dragon.
The komodo dragon is severely wounded.
The komodo dragon bites you!
* * * LOW HITPOINT WARNING * * *
You hit the komodo dragon.
The komodo dragon is almost dead.
The komodo dragon bites you!!
You die...

..##....^. .....#....#### #.....
#.#P....# ....#....#P.####.....
#.##....######..?................
.................................
.................................
l............[..............>....
.(....................###.###P...
........!............#.##+####..#
+##............l@....##......#..#
#......##+###......##.....+....
#......#......#....##.....##...
#P......#..%........##.....##.(#
##......#......#....##.........#
#............'.....#...#
..#......#....##.........#
........#.....#########...
..#PPPP#.......#####P#....


You could see a komodo dragon.

Vanquished Creatures
  Harold (D:8)
  Erica (Lair:1)
  2 spiny frogs (Lair:1)
  A komodo dragon (D:9)
  Prince Ribbit (D:7)
  2 hippogriffs
  Sigmund (D:4)
  4 yaks (D:9)
  A hungry ghost (D:7)
  2 water moccasins (Lair:1)
  2 porcupines
  A sky beast (D:7)
  A black bear (D:9)
  3 orc warriors
  A phantom (D:4)
  4 ice beasts
  4 ogres
  An eye of draining (D:8)
  A necrophage (D:9)
  4 centaurs
  2 big kobolds
  4 bullfrogs
  A wyvern skeleton (D:8)
  A gnoll sergeant (D:8)
  2 scorpions
  3 killer bees (D:9)
  5 wights
  4 howler monkeys (D:8)
  3 crimson imps
  5 orc priests
  3 hounds
  A jelly (D:6)
  A bullfrog skeleton (D:9)
  9 orc wizards
  2 iguanas (D:9)
  6 worker ants
  A hound zombie (D:8)
  A hound skeleton (D:5)
  Robin (D:4)
  8 gnolls
  7 adders
  2 shadow imps (D:8)
  2 oozes
  An adder zombie (D:9)
  An adder skeleton (D:4)
  6 worms
  4 dart slugs
  7 leopard geckos
  29 orcs
  5 ball pythons
  8 bats
  4 giant cockroaches
  19 goblins
  8 hobgoblins
  6 jackals
  4 quokkas
  6 frilled lizards
  A jackal skeleton (D:5)
  20 kobolds
  A leopard gecko zombie (D:6)
  A quokka zombie (D:5)
  5 rats
  2 plants (D:9)
250 creatures vanquished.

Vanquished Creatures (others)
  An orc warrior (D:7)
  An orc priest (D:7)
  An orc (D:7)
  A plant (Lair:1)
  2 starspawn tentacles (Abyss:3)
6 creatures vanquished.

Grand Total: 256 creatures vanquished

Notes
Turn   | Place    | Note
-------+----------+-------------------------------------------
     0 | Abyss:1  | Gargoyl the Centaur Abyssal Knight began the quest for the
                  | Orb.
     0 | Abyss:1  | Reached XP level 1. HP: 19/19 MP: 2/2
    71 | Abyss:3  | Noticed a large abomination
    72 | Abyss:3  | Noticed a manticore
    72 | Abyss:3  | a glowing shapeshifter changed into a manticore
    77 | Abyss:3  | Noticed a tentacled starspawn
    83 | Abyss:3  | Found a corrupted altar of Lugonu.
    86 | Abyss:3  | Noticed an efreet
    88 | D:1      | Escaped the Abyss
   168 | D:1      | Reached * piety under Lugonu
   279 | D:1      | Reached XP level 2. HP: 18/26 MP: 3/3
   996 | D:1      | Reached XP level 3. HP: 30/31 MP: 4/4
  1816 | D:2      | Reached ** piety under Lugonu
  1819 | D:2      | Reached XP level 4. HP: 37/38 MP: 6/6
  2605 | D:3      | Found a glowing silver altar of Zin.
  2607 | D:3      | Found a sacrificial altar of Ru.
  2679 | D:3      | Found a shimmering altar of Xom.
  3025 | D:3      | Found a hide-covered altar of Uskayaw.
  3088 | D:3      | Reached XP level 5. HP: 26/45 MP: 7/7
  3106 | D:3      | Reached skill level 1 in Dodging
  3903 | D:4      | Noticed Sigmund
  3918 | D:4      | Killed Sigmund
  3918 | D:4      | Reached XP level 6. HP: 46/52 MP: 8/8
  4053 | D:4      | Reached *** piety under Lugonu
  4368 | D:4      | Found a white marble altar of Elyvilon.
  4372 | D:4      | Noticed Robin
  4382 | D:4      | Killed Robin
  4481 | D:4      | Reached XP level 7. HP: 46/59 MP: 8/10
  4587 | D:4      | Found a sparkling altar of Nemelex Xobeh.
  4774 | D:5      | Entered Level 5 of the Dungeon
  5083 | D:5      | Found a hazy altar of Hepliaklqana.
  5399 | D:5      | Reached skill level 5 in Axes
  5399 | D:5      | Reached XP level 8. HP: 65/67 MP: 11/11
  5946 | D:6      | Reached skill level 5 in Invocations
  7847 | D:7      | Found a staircase to the Ecumenical Temple.
  7849 | D:7      | Reached **** piety under Lugonu
  7853 | D:7      | Reached skill level 5 in Armour
  7895 | D:7      | Found Witommug's Gadget Shoppe.
  8461 | D:7      | Reached XP level 9. HP: 8/73 MP: 7/13
  9006 | D:7      | Noticed Prince Ribbit
  9044 | D:7      | Killed Prince Ribbit
  9228 | D:7      | Reached skill level 5 in Fighting
 10479 | D:8      | Found Nepruize's Antique Armour Shop.
 10487 | D:8      | Bought a glowing chain mail for 210 gold pieces
 10634 | D:8      | Bought a pair of embroidered gloves for 210 gold pieces
 10851 | D:8      | Noticed Harold
 10872 | D:8      | Killed Harold
 10872 | D:8      | Reached XP level 10. HP: 63/83 MP: 15/15
 11199 | D:8      | Found an ancient bone altar of Kikubaaqudgha.
 12188 | D:9      | Noticed an ice statue
 12202 | D:9      | HP: 3/83 [ice statue/shard of ice (7)]
 12995 | D:9      | Found a staircase to the Lair.
 13460 | Lair:1   | Entered Level 1 of the Lair of Beasts
 13476 | Lair:1   | Noticed an oklob plant
 13476 | Lair:1   | Noticed an oklob plant
 13477 | Lair:1   | Noticed an oklob plant
 13478 | Lair:1   | Noticed a spiny frog
 13479 | Lair:1   | Noticed Erica
 13512 | Lair:1   | Killed Erica
 13518 | Lair:1   | Killed a spiny frog
 13780 | Lair:1   | Noticed a spiny frog
 13797 | Lair:1   | Killed a spiny frog
 14231 | Lair:1   | Reached XP level 11. HP: 91/91 MP: 17/17
 14355 | Lair:1   | Noticed a five-headed hydra
 14356 | Lair:1   | Banished a five-headed hydra
 14901 | Lair:1   | Slain by a komodo dragon

Levels and vault maps discovered:
D:1:      lemuel_arrival_muddy, layout_basic, st_stairs_1
D:2:      layout_loops_ring, serial_forest, infiniplex_forest_lined_2,
          infiniplex_forest_end_1, infiniplex_forest_straight_4,
          infiniplex_forest_lined_4_way, infiniplex_forest_corner_1,
          infiniplex_forest_corner_1, first_ration, minmay_lizard_pond
D:3:      layout_loops_corners, nicolae_overflow_hidden_temple, tgw_xom
D:4:      layout_basic, elyvilon_altar_3, nemelex_spade_bored_becter,
          uniq_sigmund, uniq_robin
D:5:      layout_rooms, lemuel_crystal_altar, lightli_corner_chamber
D:6:      layout_loops_corners, st_stairs_1
D:7:      layout_gridville, minmay_temple_entry_purple_smoke, serial_shops,
          shop, serial_glass, glass_columns_b, glass_columns_b, glass_columns_a,
          minmay_misc_feat_chi, uniq_prince_ribbit1
D:8:      layout_layer_cave, old_standard_altar, serial_shops,
          nicolae_shop_temple_entry_statues_fountains, grunt_pizzeria,
          uniq_harold
D:9:      minmay_separated_statues, layout_basic, david_lair_shrubbed,
          minmay_misc_feat_iff
Lair:1:   layout_regular_city, minmay_lair_oklob_chamber, serial_bayou_shore_b,
          grunt_megastairs_3, infiniplex_staircase_pool_2, uniq_erica

Skill      XL: |  1  2  3  4  5  6  7  8  9 10 11 |
---------------+----------------------------------+-----
Axes           | 2 3 5 6 7 9 |  9.4
Armour         | 2 3 4 5 6 7 |  7.6
Invocations    | 3 4 6 7 8 9 |  9.0
Dodging        | 1 2 |  2.1
Fighting       | 4 5 6 |  6.5
Evocations     | |  0.3

Action                   |  1- 3 |  4- 6 |  7- 9 | 10-12 || total
-------------------------+-------+-------+-------+-------++-------
Melee: Broad axe         |    86 |   144 |   294 |   207 ||   731
       Kick              |    15 |    14 |    60 |    58 ||   147
Invok: Depart the Abyss  |     1 |       |       |       ||     1
       Banish            |       |       |     5 |     1 ||     6
       Bend Space        |       |       |     1 |       ||     1
Evoke: Wand              |       |       |       |     3 ||     3
  Use: Potion            |     1 |     3 |     1 |     2 ||     7
       Scroll            |       |     8 |    11 |     3 ||    22
  Eat: Chunk             |     2 |     7 |    12 |    13 ||    34
       Ration            |       |       |     3 |       ||     3
Armor: Leather armour    |    17 |       |       |       ||    17
       Ring mail         |    42 |   101 |    30 |       ||   173
       Chain mail        |       |       |   224 |   171 ||   395
Dodge: Dodged            |    47 |    73 |   119 |    59 ||   298

Table legend:
 A = Non-vault XP
 B = Vault XP
 C = Vault XP percentage of total XP
 D = Non-vault monster count
 E = Vault monster count
 F = Vault count percentage of total count
                 A         B        C        D         E       F
            +---------+---------+-------+---------+---------+-------
      Total |    8066 |    4013 |  33.2 |     219 |      33 |  13.1
            +---------+---------+-------+---------+---------+-------
        D:1 |      37 |       5 |  11.9 |      17 |       2 |  10.5
        D:2 |      87 |       3 |   3.3 |      28 |       3 |   9.7
        D:3 |     123 |      21 |  14.6 |      25 |       7 |  21.9
        D:4 |     250 |     277 |  52.6 |      11 |      12 |  52.2
        D:5 |     713 |       0 |   0.0 |      21 |       0 |   0.0
        D:6 |     430 |     125 |  22.5 |      13 |       2 |  13.3
        D:7 |    1195 |     277 |  18.8 |      33 |       1 |   2.9
        D:8 |    1349 |    1185 |  46.8 |      27 |       2 |   6.9
        D:9 |    2683 |     361 |  11.9 |      38 |       1 |   2.6
     Lair:1 |    1199 |    1759 |  59.5 |       6 |       3 |  33.3
            +---------+---------+-------+---------+---------+-------
